 Dungeon Crawl Stone Soup version 0.31-a0-986-g5e6e4ef867 (webtiles) character file.

Game seed: 2709627884704321039

1655 Dordric the Grappler (level 8, 0/68 HPs)
             Began as a Troll Shapeshifter on Nov 24, 2023.
             Was a Follower of Makhleb.
             Slain by a slime creature (15 damage)
             ... on level 7 of the Dungeon.
             The game lasted 00:05:48 (4535 turns).

Dordric the Grappler (Troll Shapeshifter)           Turns: 4535, Time: 00:05:49

Health: 0/68       AC:  4    Str: 31    XL:     8   Next: 68%
Magic:  7/7        EV:  9    Int:  6    God:    Makhleb [*.....]
Gold:   1084       SH:  0    Dex:  9    Spells: 7/7 levels left

rFire   . .          .
                       - Unarmed
rCold   . . .        (shield currently unavailable)
rNeg    . . .        a - +0 animal skin
rPois   .            (helmet restricted)
rElec   .            (no cloak)
rCorr   .            (gloves unavailable)
SInv    .            (boots unavailable)
Will    .....        (no amulet)
Stlth   +            g - +6 ring of strength
HPRegen 1.11/turn    u - ring of flight
MPRegen 0.10/turn

%: no passive effects
@: about to teleport, flux-form, flying, slowed, glowing, very slow
A: glow, contaminating, large, unfitting armour, claws 3, regeneration 1, shaggy
fur 1, tough skin 1
a: Begin Untransformation, Renounce Religion


You were on level 7 of the Dungeon.
You worshipped Makhleb.
Makhleb was aware of your devotion.
You were something dangerously unstable.
You visited 2 branches of the dungeon, and saw 8 of its levels.

You collected 1084 gold pieces.

Inventory:

Missiles
 e - a throwing net
Armour
 a - a +0 animal skin (worn)
 n - a scarf of resistance
Jewellery
 g - a +6 ring of strength (left claw)
 k - a ring of positive energy
 p - a ring of ice
 s - a +6 ring of intelligence
 u - a ring of flight (right claw)
 E - a ring of poison resistance
Talismans
 c - a beast talisman
 d - a flux talisman (active)
Wands
 m - a wand of flame (24)
 v - a wand of charming (9)
 F - a wand of roots (8)
Scrolls
 f - 2 scrolls of poison {unknown}
 h - 3 scrolls of enchant weapon
 j - 2 scrolls of amnesia
 o - 4 scrolls of teleportation
 q - 2 scrolls of brand weapon
 r - 2 scrolls of vulnerability
 t - a scroll of immolation
 y - a scroll of revelation {unknown}
 B - a scroll of blinking {unknown}
 C - a scroll of fear {unknown}
 G - 2 scrolls of enchant armour {unknown}
Potions
 b - 2 potions of lignification
 i - a potion of brilliance {unknown}
 l - a potion of curing {unknown}
 w - 2 potions of heal wounds {unknown}
 x - a potion of attraction {unknown}
 z - a potion of resistance {unknown}
 A - 2 potions of might {unknown}
 D - a potion of degeneration {unknown}


   Skills:
 - Level 0.7 Fighting
 - Level 1.5 Dodging
 + Level 8.4 Unarmed Combat
 + Level 7.8 Shapeshifting


You had 7 spell levels left.
You didn't know any spells.
Your spell library contained the following spells:

 Spells                   Type           Power      Damage    Failure   Level
 Lesser Beckoning         Tloc           0%         N/A       58%         2
 Call Canine Familiar     Summ           0%         N/A       83%         3
 Gell's Gravitas          Tloc           0%         N/A       83%         3
 Sigil of Binding         Hex            0%         N/A       83%         3
 Teleport Other           Tloc           0%         N/A       83%         3
 Dimensional Bullseye     Hex/Tloc       0%         N/A       99%         4
 Leda's Liquefaction      Hex/Erth       0%         N/A       99%         4


Dungeon Overview and Level Annotations

Branches:
Dungeon (7/15)             Temple (1/1) D:6

Altars:
Ashenzari
Cheibriados
Dithmenos
Elyvilon
Fedhas
Gozag
Hepliaklqana
Kikubaaqudgha
Makhleb
Nemelex Xobeh
Okawaru
Qazlal
Ru
Sif Muna
Trog
Vehumet
Wu Jian
Xom
Yredelemnul
Zin
The Shining One

Shops:
D:2 *


Innate Abilities, Weirdness & Mutations

You are something dangerously unstable.
You glow with magical radiation, making you easy to see and hit.
Foes you strike become dangerously contaminated with magical radiation.
You are incapable of wielding weapons or throwing items.
You are too large for most types of armour.
You have claws for hands.
Your natural rate of healing is unusually fast.
You are covered in fur. (AC +1)
You have tough skin. (AC +1)


Message History

The wraith hits you but does no damage.
You closely miss the wraith.
The wraith is almost destroyed.
The wraith hits you! The wraith drains your vigour!
You feel yourself slow down.
You closely miss the wraith.
The wraith is almost destroyed.
The wraith hits you. The wraith drains your vigour!
You feel as though you will be slow longer.
You scratch the wraith.
You destroy the wraith!
Makhleb accepts your kill.
You scratch the slime creature.
The slime creature begins to glow.
The slime creature is lightly wounded.
The slime creature hits you!!
You are too injured to fight recklessly!
You are too injured to fight recklessly!
You are too injured to fight recklessly!
You are too injured to fight recklessly!
You are too injured to fight recklessly!
You are too injured to fight recklessly!
You are too injured to fight recklessly!
There are monsters nearby!
There are monsters nearby!
You scratch the slime creature but do no damage.
The slime creature glows dangerously bright.
The slime creature is lightly wounded.
The howler monkey hoots and howls with incredible vigour!
The slime creature hits you!!
* * * LOW HITPOINT WARNING * * *
The slime creature closely misses you.
You hear a shout!
You hear an angry hiss.
You hear a roar!
The slime creature attacks as it pursues you!
The slime creature hits you.
* * * LOW HITPOINT WARNING * * *
The slime creature attacks as it pursues you!
The slime creature closely misses you.
As you read the scroll of teleportation, it crumbles to dust.
You feel strangely unstable. The slime creature hits you!
You die...

## #.# .## #.#
..###.# # #.....####
B## ###...#..### #h#
# # #...#.#..###
#)###.# #
#.#.#.###..###.#..#
# #.#.##..###..##J.#
###.#.####..###.p###
....#.#..###..####
.####.#.#....##
......#.##.###
###.#.#.[###
#....###
##..........
#........##
............


You could see a slime creature (heavy contam).

Vanquished Creatures
  A wraith (D:7)
  Duvessa (D:4)
  An acid dragon (D:7)
  A water moccasin (D:6)
  2 orc warriors
  An ice beast (D:6)
  A sky beast (D:6)
  An ogre (D:5)
  A phantom (D:6)
  A kobold brigand (D:7)
  A bullfrog (D:6)
  2 scorpions
  Dowan (D:4)
  3 hounds (D:6)
  A jelly (D:7)
  Jessica (D:3)
  3 iguanas
  7 adders
  2 ufetubi (D:6)
  A worm (D:2)
  14 orcs
  3 endoplasms
  6 goblins
  6 hobgoblins
  2 jackals (D:2)
  2 quokkas
  6 ball pythons
  5 bats
  2 frilled lizards
  14 kobolds
  6 rats
99 creatures vanquished.

Notes
Turn   | Place    | Note
-------+----------+-------------------------------------------
     0 | D:1      | Dordric the Troll Shapeshifter began the quest for the Orb.
     0 | D:1      | Reached XP level 1. HP: 18/18 MP: 0/0
   206 | D:1      | Reached XP level 2. HP: 26/26 MP: 1/1
   761 | D:2      | Reached XP level 3. HP: 32/32 MP: 2/2
   916 | D:2      | Found Weelopih's Assorted Antiques.
  1364 | D:3      | Noticed a scorpion
  1373 | D:3      | Killed a scorpion
  1374 | D:3      | Reached skill level 4 in Unarmed Combat
  1374 | D:3      | Reached XP level 4. HP: 21/40 MP: 3/3
  1862 | D:3      | Noticed Jessica
  1866 | D:3      | Killed Jessica
  1867 | D:3      | Reached XP level 5. HP: 42/46 MP: 4/4
  1960 | D:3      | Found a bloodstained altar of Trog.
  2055 | D:4      | Noticed Dowan
  2061 | D:4      | Killed Dowan
  2063 | D:4      | Noticed Duvessa
  2070 | D:4      | Killed Duvessa
  2071 | D:4      | Reached skill level 5 in Unarmed Combat
  2071 | D:4      | Reached skill level 5 in Shapeshifting
  2071 | D:4      | Reached XP level 6. HP: 26/54 MP: 5/5
  2133 | D:4      | Noticed an orc warrior
  2723 | D:4      | Identified a scroll of acquirement
  2724 | D:4      | Acquired 722 gold pieces
  2745 | D:5      | Entered Level 5 of the Dungeon
  3050 | D:5      | Noticed an orc warrior
  3071 | D:5      | Killed an orc warrior
  3072 | D:5      | Reached skill level 6 in Unarmed Combat
  3072 | D:5      | Reached XP level 7. HP: 11/61 MP: 6/6
  3354 | D:5      | Found a sacrificial altar of Ru.
  3560 | D:6      | Found a staircase to the Ecumenical Temple.
  3627 | Temple   | Entered the Ecumenical Temple
  3648 | Temple   | Became a worshipper of Makhleb the Destroyer
  3875 | D:6      | Reached skill level 7 in Unarmed Combat
  3987 | D:6      | Reached XP level 8. HP: 66/68 MP: 7/7
  4382 | D:7      | Reached * piety under Makhleb
  4520 | D:7      | Reached skill level 8 in Unarmed Combat
  4523 | D:7      | Noticed a boulder beetle
  4524 | D:7      | Noticed a slime creature
  4535 | D:7      | Slain by a slime creature

Illustrated notes

Levels and vault maps discovered:
D:1:      dpeg_arrival_shelter, layout_basic, minmay_tromino_v4_c
D:2:      layout_loops_ring, serial_shops, shop
D:3:      cheibrodos_old_hovel, layout_loops_ring, lemuel_crystal_altar,
          reono_crystal_passage, uniq_jessica
D:4:      layout_loops_ring, serial_bayou_pond_c, minmay_crystal_room,
          lightli_corner_chamber, uniq_duvessa
D:5:      layout_rooms, nicolae_ru_path_of_blood, serial_co_window_serial,
          co_window_paths_a, co_window_of_opportunity_a,
          co_window_of_opportunity_a, co_window_paths_a,
          co_window_of_opportunity_a, co_window_paths_b, co_window_corner_a,
          co_window_broadway_a, co_window_of_opportunity_b, co_window_paths_c,
          co_window_paths_c, co_window_broadway_c, co_window_unsneaky_path_b,
          glass_columns_a
D:6:      layout_loops_ring, minmay_temple_entry_junction_2
D:7:      minmay_the_grid_triangle_9x9_recursive_2
          [minmay_the_grid_triangle_9x9_prize_special,
          minmay_the_grid_triangle_9x9_longest,
          minmay_the_grid_triangle_9x9_intruding_spiral,
          minmay_the_grid_triangle_9x9_cache], layout_basic,
          nicolae_take_the_stairs, minmay_misc_feat_more_columns
Temple:   compressed_dpeg_triangle_lava_temple

Skill      XL: |  1  2  3  4  5  6  7  8 |
---------------+-------------------------+-----
Unarmed Combat | 4 5 6 7 8 |  8.4
Shapeshifting  | 4 5 6 7 |  7.8
Fighting       | |  0.7
Dodging        | |  1.5

Action                     |  1- 3 |  4- 6 |  7- 9 || total
---------------------------+-------+-------+-------++-------
  Melee: Unarmed           |    87 |    56 |   116 ||   259
         Punch             |     2 |       |       ||     2
    Use: Scroll            |       |     8 |     1 ||     9
   Stab: Sleeping          |     1 |     1 |       ||     2
 Armour: Animal skin       |    54 |    37 |    77 ||   168
  Dodge: Dodged            |    29 |    20 |    51 ||   100
   Form: Flux              |       |       |     1 ||     1

Table legend: (Time is in decaauts)
 A = Elapsed time spent in this place.
 B = Non-inter-level travel time spent in this place.
 C = Inter-level travel time spent in this place.
 D = Time resting spent in this place.
 E = Time spent auto-exploring this place.
 F = Levels seen in this place.
 G = Mean time per level.
                   A        B        C        D        E       F      G
               +--------+--------+--------+--------+--------+-----+--------+
         Total |   4507 |   4280 |    227 |      0 |   3661 |   8 |  563.4 |
       Dungeon |   4478 |   4258 |    220 |      0 |   3661 |   7 |  639.7 |
        Temple |     28 |     21 |      7 |      0 |      0 |   1 |   28.0 |
               +--------+--------+--------+--------+--------+-----+--------+

Top non-repeatable levels by time:
     D:6: 816 daAuts
     D:5: 770 daAuts
     D:4: 709 daAuts
     D:1: 706 daAuts
     D:3: 702 daAuts
     D:2: 614 daAuts
     D:7: 158 daAuts
  Temple: 28 daAuts
